 Dungeon Crawl Stone Soup version 0.31-a0-618-g7ca08c1ff9 (webtiles) character file.

Game seed: 8456894365278852329

427 Glub the Chopper (level 6, 0/56 HPs)
             Began as a Minotaur Berserker on Aug 22, 2023.
             Was a Believer of Trog.
             Succumbed to Fractals's ghost's poison
             ... on level 4 of the Dungeon.
             The game lasted 00:11:21 (3052 turns).

Glub the Chopper (Minotaur Berserker)               Turns: 3052, Time: 00:11:22

Health: 0/56       AC: 12    Str: 20 (23) XL:     6   Next: 65%
Magic:  5/5        EV:  6    Int:  2 (4)  God:    Trog [**....]
Gold:   238        SH:  3    Dex:  8 (10) Spells: 5/5 levels left

rFire   . . .        a - +0 hand axe
rCold   . . .        l - +0 buckler
rNeg    + . .        t - +0 plate armour
rPois   .            (helmet restricted)
rElec   .            (no cloak)
rCorr   .            (no gloves)
SInv    +            h - +0 pair of boots
Will    ++...        (no amulet) Stlth
                     c - ring of positive energy
HPRegen 1.29/turn    d - ring of see invisible
MPRegen 0.09/turn

%: no passive effects
@: lethally poisoned (0 -> -1), about to teleport, strong-willed, on berserk
cooldown, regenerating
A: horns 2, retaliatory headbutt
a: Renounce Religion, Berserk, Trog's Hand


You were on level 4 of the Dungeon.
You worshipped Trog.
Trog was pleased with you.
You visited 1 branch of the dungeon, and saw 4 of its levels.

You collected 238 gold pieces.

Inventory:

Hand Weapons
 a - a +0 hand axe (weapon)
Missiles
 o - 2 poisoned darts (quivered)
Armour
 h - a +0 pair of boots (worn)
 l - a +0 buckler (worn)
 m - a +0 leather armour
 t - a +0 plate armour (worn)
Jewellery
 c - a ring of positive energy (left hand)
 d - a ring of see invisible (right hand)
Talismans
 b - a maw talisman
 e - a granite talisman
Scrolls
 j - a scroll of enchant weapon {unknown}
 k - 3 scrolls of identify {unknown}
 s - a scroll of noise {unknown}
Potions
 g - a potion of brilliance


   Skills:
 + Level 5.5 Fighting
 + Level 6.0 Axes
 + Level 0.1 Throwing
 + Level 3.5 Armour
 + Level 4.3 Dodging
 + Level 0.6 Stealth
 + Level 1.1 Shields


You had 5 spell levels left.
You didn't know any spells.
Your spell library was empty.

Dungeon Overview and Level Annotations

Branches:
Dungeon (4/15)             Temple (0/1) D:4

Altars:
Gozag
Makhleb
Nemelex Xobeh
Ru
Zin

Shops:
D:1 [

Portals:
Abyss: D:4

Annotations:
D:4 1 transporter, Fractals's ghost, novice TeCj


Innate Abilities, Weirdness & Mutations

You have a pair of horns on your head.
You reflexively headbutt those who attack you in melee.


Message History

Your magical effects are unravelling.
You feel magically purged.
You feel less wooden.
Your +0 pair of boots unmelds from your body.
Your +0 plate armour unmelds from your body.
You feel yourself speed up.
You feel a little less clever now.
You feel very sick. The gnoll hits you but does no damage.
The white imp hits you but does no damage.
Fractals's ghost casts a spell at you. The magic dart hits you.
* * * LOW HITPOINT WARNING * * *
The gnoll hits you from afar with a +2 spear of distortion.
* * * LOW HITPOINT WARNING * * *
You blink.
It was a potion of degeneration.
There was something very wrong with that liquid.
You feel weakened.
You feel dopey.
You feel clumsy.
You feel sick.
The gnoll enters a dispersal trap!
Fractals's ghost blinks!
The white imp blinks!
You blink.
The gnoll blinks!
Fractals's ghost hits you but does no damage.
You are lethally poisoned!
Okay, then.
As you read the scroll labelled UKKOEW TEMI, it crumbles to dust.
You assume a fearsome visage.
Fractals's ghost is unaffected.
The gnoll looks frightened!
The white imp looks frightened!
It was a scroll of fear.
* * * LOW HITPOINT WARNING * * *
You feel very sick. Fractals's ghost closely misses you.
Your skin crawls.
You feel strong-willed.
* * * LOW HITPOINT WARNING * * *
You feel very sick.
Fractals's ghost gestures at you while chanting.
The magic dart hits you but does no damage.
Okay, then.
As you read the scroll labelled WEPLUO TAIM, it crumbles to dust.
You feel strangely unstable.
It was a scroll of teleportation.
You die...

#. ##........#.##.......
#..##∩###......##.....#..
#..#..^##...##©#.....##..
#..##g^^.###...###...##..
#. ##..##.####..##..##..
# ##5.#... #.#.#......
##.#.###.. ##..#.....#
#.#^#.(##..##.##......
##...@W$#©.#..#......⌠
####.###..##©#.......
...####....###...#⌠.>
...... #......©....#...
.....$...............#..⌠
.....................#...
.........................
#########################


You could see Fractals's ghost, a gnoll (fleeing) and a white imp (fleeing).

Vanquished Creatures
  An ogre (D:4)
  A small abomination (D:4)
  A crimson imp (D:4)
  An orc priest (D:3)
  Terence (D:3)
  Robin (D:3)
  3 gnolls (D:3)
  7 adders
  A worm (D:2)
  A dart slug (D:2)
  10 orcs (D:3)
  5 endoplasms
  2 giant cockroaches
  13 goblins
  6 hobgoblins
  2 jackals (D:1)
  A quokka (D:3)
  9 ball pythons
  6 bats
  3 frilled lizards
  4 kobolds
  5 rats
84 creatures vanquished.

Notes
Turn   | Place    | Note
-------+----------+-------------------------------------------
     0 | D:1      | Glub the Minotaur Berserker began the quest for the Orb.
     0 | D:1      | Reached XP level 1. HP: 19/19 MP: 0/0
    29 | D:1      | Found a faded altar of an unknown god.
   146 | D:1      | Reached XP level 2. HP: 27/27 MP: 1/1
   161 | D:1      | Reached skill level 4 in Axes
   184 | D:1      | HP: 1/40 [hobgoblin (2)]
   779 | D:1      | Found Ximouros's Armour Boutique.
   855 | D:2      | Reached XP level 3. HP: 14/33 MP: 2/2
  1359 | D:2      | Reached XP level 4. HP: 38/41 MP: 3/3
  1594 | D:2      | Found a burning altar of Makhleb.
  1632 | D:2      | Reached ** piety under Trog
  2046 | D:3      | Noticed Terence
  2057 | D:3      | Killed Terence
  2058 | D:3      | Reached skill level 5 in Axes
  2093 | D:3      | Reached XP level 5. HP: 47/47 MP: 4/4
  2133 | D:3      | Reached skill level 5 in Fighting
  2266 | D:3      | Noticed Robin
  2299 | D:3      | Killed Robin
  2458 | D:3      | Reached *** piety under Trog
  2598 | D:3      | Found a glowing silver altar of Zin.
  2599 | D:3      | Found an opulent altar of Gozag.
  2604 | D:3      | Found a sparkling altar of Nemelex Xobeh.
  2757 | D:4      | Found a sacrificial altar of Ru.
  2789 | D:4      | Noticed an ogre
  2797 | D:4      | Killed an ogre
  2798 | D:4      | Reached XP level 6. HP: 56/56 MP: 5/5
  2858 | D:4      | Found a staircase to the Ecumenical Temple.
  2863 | D:4      | Found a transporter.
  2869 | D:4      | Found a transporter.
  2882 | D:4      | Reached skill level 6 in Axes
  2882 | D:4      | Reached skill level 1 in Shields
  3024 | D:4      | Found a one-way gate to the infinite horrors of the Abyss.
  3024 | D:4      | Noticed Fractals's ghost (novice TeCj)
  3051 | D:4      | HP: 1/56 [poisoned by Fractals's ghost]
  3052 | D:4      | Succumbed to Fractals's ghost's poison

Illustrated notes

Levels and vault maps discovered:
D:1:      dpeg_arrival_ternary, layout_loops_ring, serial_shops,
          nicolae_shop_window_shopping, hellmonk_ecumenical_altar_crossroads,
          chequers_decorated_corner, minmay_misc_feat_columns,
          minmay_tree_intersection
D:2:      layout_loops_corners, basic_altar, minivault_4
D:3:      layout_rooms, minitemple, uniq_terence, uniq_robin
D:4:      layout_basic, mainiacjoe_overflow_concentric_impassable,
          temple_fountains, gammafunk_ghost_abyssal_escape, uniq_edmund

Skill      XL: |  1  2  3  4  5  6 |
---------------+-------------------+-----
Axes           | 4 5 6 |  6.0
Fighting       | 4 5 |  5.5
Dodging        | 3 4 |  4.3
Armour         | 3 |  3.5
Shields        | 1 |  1.1
Throwing       | |  0.1
Stealth        | |  0.6

Action                     |  1- 3 |  4- 6 || total
---------------------------+-------+-------++-------
  Melee: Hand axe          |    75 |   113 ||   188
         Headbutt          |    12 |    17 ||    29
  Throw: Dart              |       |     2 ||     2
 Invoke: Berserk           |     2 |     4 ||     6
         Trog's Hand       |       |     1 ||     1
    Use: Potion            |     1 |     7 ||     8
         Scroll            |       |     2 ||     2
   Stab: Sleeping          |     1 |       ||     1
 Armour: Animal skin       |     6 |       ||     6
         Leather armour    |     2 |     9 ||    11
         Plate armour      |       |    50 ||    50
         Skin              |       |     9 ||     9
  Dodge: Dodged            |    56 |    53 ||   109
  Block: Buckler           |       |    22 ||    22

Table legend: (Time is in decaauts)
 A = Elapsed time spent in this place.
 B = Non-inter-level travel time spent in this place.
 C = Inter-level travel time spent in this place.
 D = Time resting spent in this place.
 E = Time spent auto-exploring this place.
 F = Levels seen in this place.
 G = Mean time per level.
                   A        B        C        D        E       F      G
               +--------+--------+--------+--------+--------+-----+--------+
         Total |   3126 |   3044 |     82 |      0 |   2176 |   4 |  781.5 |
       Dungeon |   3126 |   3044 |     82 |      0 |   2176 |   4 |  781.5 |
               +--------+--------+--------+--------+--------+-----+--------+

Top non-repeatable levels by time:
     D:2: 1090 daAuts
     D:1: 858 daAuts
     D:3: 846 daAuts
     D:4: 330 daAuts
